 Dungeon Sprint DCSS version 0.30.0-13-g156ef70053 (webtiles) character file.

Game seed: 5692069585213095940

20308 fozzywoppz the Imperceptible (level 12, -4/70 HPs)
             Began as a Spriggan Enchanter on May 18, 2023.
             Was a High Priest of Sif Muna.
             Slain by a spriggan defender
             ... wielding a +0 dagger
              (22 damage)
             ... in the Dungeon (Sprint III: "The Ten Rune Challenge").
             The game lasted 00:27:40 (3768 turns).

fozzywoppz the Imperceptible (Spriggan Enchanter)   Turns: 3768, Time: 00:27:40

Health: -4/70      AC:  6    Str:  5    XL:     12   Next: 44%
Magic:  27/27      EV: 31    Int: 21    God:    Sif Muna [*****.]
Gold:   1566       SH:  0    Dex: 17    Spells: 2/31 levels left

rFire   . . .        q - +0 dagger (venom)
rCold   x . .        (no shield)
rNeg    . . .        b - +0 robe
rPois   .            c - +2 hat {Will+}
rElec   .            j - +2 cloak
rCorr   .            (gloves unavailable)
SInv    +            (boots unavailable)
Will    +++..        (no amulet)
Stlth   ++++++++     (no ring)
HPRegen 0.31/turn    (no ring)
MPRegen 0.20/turn

%: no teleportation
@: mighty, on berserk cooldown, slowed, quick
A: very small, no large weapons, unfitting armour, see invisible, speed 3,
talons 1, clever 1, deformed body, cold vulnerability 1
a: Renounce Religion, Channel Magic, Forget Spell, Divine Exegesis


You were in the Dungeon.
You worshipped Sif Muna.
Sif Muna was extremely pleased with you.
You visited 1 branch You collected 1621 gold pieces.
You spent 55 gold pieces at shops.

Inventory:

Hand Weapons
 a - a +1 dagger
 k - a +0 dagger of speed
 q - a +0 dagger of venom (weapon)
Missiles
 f - 7 curare-tipped darts (quivered)
Armour
 b - a +0 robe (worn)
 c - a +2 hat of willpower (worn)
 j - a +2 cloak (worn)
Scrolls
 l - a scroll of enchant weapon {unknown}
 o - a scroll of torment {unknown}
Potions
 e - 2 potions of flight
 g - 2 potions of magic
 h - a potion of berserk rage
 m - a potion of degeneration {unknown}


   Skills:
 + Level 11.1 Fighting
 - Level 10.0 Short Blades
 + Level 19.3 Dodging
 + Level 21.7 Stealth
 - Level 10.0 Spellcasting
 - Level 3.0 Conjurations
 - Level 15.0 Hexes
 - Level 5.0 Transmutations
 + Level 13.3 Invocations


You had 2 spell levels left.
You knew the following spells:

 Your Spells              Type           Power      Damage    Failure   Level
a - Ensorcelled Hibernat  Hex/Ice        84%        N/A       1%          2
b - Confusing Touch       Hex            65%        N/A       1%          3
c - Tukima's Dance        Hex            65%        N/A       1%          3
d - Dazzling Flash        Conj/Hex       96%        N/A       1%          3
e - Freeze                Ice            40%        1d6       6%          1
f - Inner Flame           Hex/Fire       42%        N/A       1%          3
g - Silence               Hex/Air        21%        N/A       9%          5
h - Yara's Violent Unrav  Hex/Tmut       25%        3d11      3%          5
i - Leda's Liquefaction   Hex/Erth       21%        N/A       3%          4

Your spell library contained the following spells:

 Spells                   Type           Power      Damage    Failure   Level
 Slow                     Hex            100%       N/A       0%          1
 Sting                    Tmut/Pois      84%        1d7       2%          1
 Searing Ray              Conj           46%        2d6       2%          2
 Shock                    Conj/Air       64%        1d7       3%          1
 Passwall                 Tmut/Erth      17%        N/A       3%          2
 Momentum Strike          Conj/Tloc      32%        3d8       5%          2
 Apportation              Tloc           20%        N/A       6%          1
 Lesser Beckoning         Tloc           20%        N/A       10%         2
 Poisonous Vapours        Pois/Air       20%        N/A       10%         2
 Portal Projectile        Hex/Tloc       84%        N/A       1%          3
 Summon Guardian Golem    Hex/Summ       42%        N/A       1%          3
 Cause Fear               Hex            32%        N/A       1%          4
 Fulminant Prism          Conj/Hex       24%        3d12      1%          4
 Metabolic Englaciation   Hex/Ice        21%        N/A       9%          5
 Summon Mana Viper        Hex/Summ       42%        N/A       9%          5
 Hailstorm                Conj/Ice       16%        3d6       11%         3
 Stone Arrow              Conj/Erth      32%        3d9       11%         3
 Enfeeble                 Hex            32%        N/A       12%         7
 Call Canine Familiar     Summ           10%        N/A       19%         3
 Frozen Ramparts          Ice            20%        1d4       19%         3
 Ozocubu's Armour         Ice            10%        N/A       19%         3
 Teleport Other           Tloc           10%        N/A       19%         3
 Vampiric Draining        Necr           10%        2d6       19%         3
 Vhi's Electric Charge    Tloc/Air       20%        N/A       19%         3
 Volatile Blastmotes      Fire/Tloc      20%        2d11      19%         3
 Ice Form                 Ice/Tmut       21%        N/A       22%         4
 Blade Hands              Tmut           15%        N/A       22%         5
 Iskenderun's Mystic Bla  Conj/Tloc      16%        2d5       34%         4
 Iskenderun's Battlesphe  Conj           23%        2d8       45%         5
 Dispel Undead            Necr           10%        3d9       54%         4
 Passage of Golubria      Tloc           10%        N/A       54%         4
 Summon Ice Beast         Ice/Summ       10%        N/A       54%         4
 Discord                  Hex            32%        N/A       65%         8
 Fireball                 Conj/Fire      8%         3d6       67%         5
 Agony                    Necr           10%        N/A       87%         5
 Borgnjor's Vile Clutch   Necr/Erth      5%         N/A       87%         5
 Conjure Ball Lightning   Conj/Air       8%         3x3d6     99%         6
 Starburst                Conj/Fire      8%         6d4       99%         6
 Dispersal                Tloc           5%         N/A       100%        6
 Plasma Beam              Fire/Air       5%         2x1d17    100%        6
 Simulacrum               Ice/Necr       5%         N/A       100%        6
 Malign Gateway           Summ/Tloc      5%         N/A       100%        7
 Chain Lightning          Conj/Air       8%         3d10      100%        9
 Death's Door             Necr           5%         N/A       100%        9
 Polar Vortex             Ice            5%         N/A       100%        9


Dungeon Overview and Level Annotations

Branches:
Dungeon (1/1)

Altars:
Cheibriados
Dithmenos
Elyvilon
Fedhas
Gozag
Hepliaklqana
Kikubaaqudgha
Makhleb
Nemelex Xobeh
Okawaru
Qazlal
Ru
Sif Muna
Trog
Uskayaw
Vehumet
Wu Jian
Xom
Yredelemnul
Zin
The Shining One
Jiyva
Lugonu

Shops:
D *

Annotations:
D exclusion: orange crystal statue


Innate Abilities, Weirdness & Mutations

You are very small and have problems with some larger weapons.
You are too small for most types of armour.
You have supernaturally acute eyesight. (SInv)
You cover ground extremely quickly. (Speed+++)
You have sharp toenails.
Your mind is acute. (Int +4, Str/Dex -1)
Armour fits poorly on your strangely shaped body.
You are vulnerable to cold. (rC-)


Message History

You miss the spriggan defender. Your kick misses the spriggan defender.
The spriggan defender is lightly wounded.
The spriggan defender completely misses you.
You hit the spriggan defender.
The spriggan defender is moderately wounded.
The spriggan defender completely misses you.
You miss the spriggan defender. Your kick misses the spriggan defender.
The spriggan defender is moderately wounded.
The spriggan defender completely misses you.
You hit the spriggan defender but do no damage.
The spriggan defender looks as sick as possible!
The spriggan defender is moderately wounded.
The spriggan defender completely misses you.
You miss the spriggan defender.
You claw the spriggan defender, but do no damage.
The spriggan defender is moderately wounded.
The spriggan defender completely misses you. x2
You barely miss the spriggan defender. Your kick misses the spriggan defender.
The spriggan defender is moderately wounded.
The spriggan defender hits you with a +0 dagger!
You hit the spriggan defender but do no damage.
The spriggan defender looks as sick as possible!
Your kick misses the spriggan defender.
The spriggan defender is heavily wounded.
The spriggan defender barely misses you.
You hit the spriggan defender.
The spriggan defender looks as sick as possible!
You claw the spriggan defender.
The spriggan defender is heavily wounded.
The spriggan defender hits you with a +0 dagger!!
* * * LOW HITPOINT WARNING * * *
You feel better.
The spriggan defender closely misses you. x2
The spriggan defender misses you.
You feel very mighty all of a sudden.
The spriggan defender completely misses you. x2
You miss the spriggan defender. Your kick misses the spriggan defender.
The spriggan defender is severely wounded.
The spriggan defender hits you with a +0 dagger!!
You die...

+######
#'#####.☼.#
#.....'...+
#.##########
#.#$PP......
#.#.......#
#.#.....# #
#.#i.§###8#
#.#i###...#
#.#@#.....#
#.#....§§§#
#.#....§..#
#.........#
#########.#
.. .


You could see 2 spriggan defenders.

Vanquished Creatures
  Rupert (D)
  Harold (D)
  Gastronok (D)
  2 dire elephants (D)
  Erolcha (D)
  2 hydras (D)
  A deep elf knight (D)
  Urug (D)
  A death drake (D)
  A lindwurm (D)
  4 deep elf pyromancers (D)
  Joseph (D)
  A deep elf zephyrmancer (D)
  An orc sorcerer (D)
  2 elephants (D)
  2 cane toads (D)
  A rime drake (D)
  A komodo dragon (D)
  2 tyrant leeches (D)
  2 spriggan defenders (D)
  A queen bee (D)
  2 orc high priests (D)
  5 blink frogs (D)
  3 wandering mushrooms (D)
  A shadow (D)
  5 redbacks (D)
  A spatial vortex (D)
  An orc warrior (D)
  A swamp drake (D)
  5 two-headed ogres (D)
  A water elemental (D)
  A necrophage (D)
  31 killer bees (D)
  An electric eel (D)
  5 orc priests (D)
  A jelly (D)
  Jessica (D)
  A wizard (D)
  A necromancer (D)
  3 orc wizards (D)
  3 humans (D)
  A kobold demonologist (D)
  A wolf (D)
  10 orcs (D)
  2 rats (D)
117 creatures vanquished.

Notes
Turn   | Place    | Note
-------+----------+-------------------------------------------
     0 | D        | fozzywoppz the Spriggan Enchanter began the quest for the
                  | Orb.
     0 | D        | Reached XP level 1. HP: 9/9 MP: 5/5
    30 | D        | Noticed Jessica
    34 | D        | Killed Jessica
    35 | D        | Reached skill level 5 in Dodging
    35 | D        | Reached skill level 6 in Stealth
    35 | D        | Reached skill level 5 in Hexes
    35 | D        | Reached XP level 2. HP: 13/13 MP: 6/8
    57 | D        | Learned a level 2 spell: Ensorcelled Hibernation
   111 | D        | Reached XP level 3. HP: 5/16 MP: 6/9
   115 | D        | Learned a level 3 spell: Confusing Touch
   119 | D        | Learned a level 3 spell: Tukima's Dance
   261 | D        | Reached skill level 7 in Stealth
   274 | D        | Gained mutation: You are agile. (Dex +4, Str/Int -1)
                  | [potion of mutation]
   274 | D        | Gained mutation: You are dopey. (Int -2) [potion of
                  | mutation]
   275 | D        | Lost mutation: You are agile. (Dex +4, Str/Int -1) [potion
                  | of mutation]
   275 | D        | Lost mutation: You are dopey. (Int -2) [potion of mutation]
   275 | D        | Gained mutation: Your magical capacity is low. (-10% MP)
                  | [potion of mutation]
   276 | D        | Lost mutation: Your magical capacity is low. (-10% MP)
                  | [potion of mutation]
   276 | D        | Gained mutation: You are vulnerable to cold. (rC-) [potion
                  | of mutation]
   276 | D        | Gained mutation: You have hidden genetic defects. [potion
                  | of mutation]
   276 | D        | Gained mutation: Your mind is acute. (Int +4, Str/Dex -1)
                  | [potion of mutation]
   276 | D        | Gained mutation: You expend magic power (3 MP) to
                  | strengthen your wands. [potion of mutation]
   283 | D        | Noticed a water elemental
   286 | D        | Killed a water elemental
   287 | D        | Reached skill level 9 in Stealth
   287 | D        | Reached XP level 4. HP: 21/21 MP: 11/11
   290 | D        | Found a radiant altar of Vehumet.
   291 | D        | Found a shimmering blue altar of Sif Muna.
   291 | D        | Found an ancient bone altar of Kikubaaqudgha.
   291 | D        | Noticed a wizard
   292 | D        | Killed a wizard
   293 | D        | Reached skill level 5 in Short Blades
   293 | D        | Reached XP level 5. HP: 24/24 MP: 12/12
   295 | D        | Reached skill level 10 in Stealth
   304 | D        | Became a worshipper of Sif Muna the Loreminder
   305 | D        | Gained mutation: Armour fits poorly on your strangely
                  | shaped body. [hidden defects]
   312 | D        | Found a glowing silver altar of Zin.
   312 | D        | Found a glowing golden altar of the Shining One.
   312 | D        | Found a white marble altar of Elyvilon.
   313 | D        | Noticed a deep elf pyromancer
   323 | D        | Killed a deep elf pyromancer
   324 | D        | Reached skill level 14 in Stealth
   324 | D        | Reached XP level 6. HP: 7/28 MP: 7/13
   324 | D        | Reached XP level 7. HP: 8/32 MP: 7/14
   330 | D        | Gained mutation: You are weak. (Str -2) [hidden defects]
   330 | D        | Lost mutation: You have hidden genetic defects. [hidden
                  | defects expressed]
   424 | D        | Found a hide-covered altar of Uskayaw.
   424 | D        | Found an iron altar of Okawaru.
   424 | D        | Found a bloodstained altar of Trog.
   424 | D        | Found an ornate altar of the Wu Jian Council.
   424 | D        | Noticed a human
   425 | D        | Noticed a human
   427 | D        | Killed a human
   428 | D        | Killed a human
   428 | D        | Reached * piety under Sif Muna
   429 | D        | Reached skill level 10 in Short Blades
   429 | D        | Reached skill level 15 in Stealth
   439 | D        | Found a basalt altar of Yredelemnul.
   439 | D        | Found a shadowy altar of Dithmenos.
   439 | D        | Found a sacrificial altar of Ru.
   451 | D        | Noticed a shadow
   453 | D        | Killed a shadow
   453 | D        | Reached ** piety under Sif Muna
   454 | D        | Reached skill level 15 in Dodging
   454 | D        | Reached XP level 8. HP: 37/37 MP: 15/15
   458 | D        | Reached skill level 1 in Fighting
   458 | D        | Reached skill level 1 in Invocations
   459 | D        | Found a blossoming altar of Fedhas.
   459 | D        | Found a stormy altar of Qazlal.
   459 | D        | Found a snail-covered altar of Cheibriados.
   459 | D        | Found a burning altar of Makhleb.
   459 | D        | Found a shimmering altar of Xom.
   460 | D        | Found a hazy altar of Hepliaklqana.
   460 | D        | Found an opulent altar of Gozag.
   460 | D        | Found a sparkling altar of Nemelex Xobeh.
   460 | D        | Found a corrupted altar of Lugonu.
   460 | D        | Found a viscous altar of Jiyva.
   479 | D        | Reached skill level 5 in Spellcasting
   499 | D        | Reached *** piety under Sif Muna
   548 | D        | Found Axeutei's Assorted Antiques.
   548 | D        | Noticed an orc sorcerer
   560 | D        | Killed an orc sorcerer
   560 | D        | Reached **** piety under Sif Muna
   560 | D        | Reached ***** piety under Sif Muna
   560 | D        | Received a gift from Sif Muna
   561 | D        | Got Sif Muna's Elucidation of Spatial Momentum {god gift}
   706 | D        | Reached XP level 9. HP: 45/45 MP: 14/20
   722 | D        | Reached skill level 5 in Invocations
   737 | D        | Bought a scroll labelled WELAJIOGIHI for 29 gold pieces
   737 | D        | Bought a bubbling brown potion for 26 gold pieces
   807 | D        | Noticed a two-headed ogre
   815 | D        | Killed a two-headed ogre
   874 | D        | Noticed a two-headed ogre
   874 | D        | Noticed Erolcha
   876 | D        | Killed Erolcha
   877 | D        | Reached skill level 10 in Hexes
   877 | D        | Killed a two-headed ogre
   877 | D        | Received a gift from Sif Muna
   878 | D        | Got Sif Muna's Papyrus of the Lungs and Profane Magicks
                  | {god gift}
   883 | D        | Learned a level 3 spell: Dazzling Flash
   885 | D        | Learned a level 1 spell: Freeze
   965 | D        | Noticed a wandering mushroom
   969 | D        | Noticed a wandering mushroom
   971 | D        | Noticed a wandering mushroom
   978 | D        | Reached skill level 1 in Conjurations
   985 | D        | Killed a wandering mushroom
   986 | D        | Reached XP level 10. HP: 53/53 MP: 17/23
  1038 | D        | Noticed a cane toad
  1038 | D        | Noticed a cane toad
  1055 | D        | Killed a cane toad
  1055 | D        | Received a gift from Sif Muna
  1058 | D        | Killed a cane toad
  1078 | D        | Reached skill level 16 in Stealth
  1081 | D        | Got Sif Muna's Anthology of Relocation and Resurrection
                  | {god gift}
  1231 | D        | Reached ****** piety under Sif Muna
  1282 | D        | Reached skill level 10 in Spellcasting
  1386 | D        | Received a gift from Sif Muna
  1387 | D        | Reached skill level 17 in Stealth
  1405 | D        | Noticed a lindwurm
  1408 | D        | Killed a lindwurm
  1480 | D        | Noticed Urug
  1484 | D        | Killed Urug
  1484 | D        | Received a gift from Sif Muna
  1485 | D        | Reached skill level 10 in Invocations
  1485 | D        | Reached XP level 11. HP: 60/60 MP: 23/26
  1487 | D        | Got Sif Muna's Compilation of Algor and Bombardment {god
                  | gift}
  1491 | D        | Noticed a five-headed hydra
  1491 | D        | Noticed a five-headed hydra
  1501 | D        | Killed a five-headed hydra
  1502 | D        | Reached skill level 18 in Stealth
  1502 | D        | Killed a five-headed hydra
  1509 | D        | Noticed a death drake
  1514 | D        | Killed a death drake
  1563 | D        | Noticed Rupert
  1567 | D        | Killed Rupert
  1568 | D        | Reached skill level 19 in Stealth
  1577 | D        | Noticed a dire elephant
  1577 | D        | Noticed a dire elephant
  1577 | D        | Noticed Gastronok
  1609 | D        | Killed Gastronok
  1610 | D        | HP: 2/63 [dire elephant (9)]
  1839 | D        | HP: 1/63 [dire elephant (10)]
  1844 | D        | Noticed an azure jelly
  1844 | D        | Noticed an azure jelly
  1844 | D        | Noticed an azure jelly
  1844 | D        | Noticed an azure jelly
  2080 | D        | Killed a dire elephant
  2081 | D        | Reached skill level 10 in Fighting
  2092 | D        | Killed a dire elephant
  2092 | D        | Received a gift from Sif Muna
  2093 | D        | Reached skill level 20 in Stealth
  2095 | D        | Got Sif Muna's Vellum of Apparitions and the Deep Freeze
                  | {god gift}
  2100 | D        | Learned a level 3 spell: Inner Flame
  2106 | D        | Learned a level 5 spell: Silence
  2112 | D        | Learned a level 5 spell: Yara's Violent Unravelling
  2156 | D        | Noticed a death yak
  2157 | D        | Noticed a death yak
  2162 | D        | Noticed a death yak
  2163 | D        | Noticed a death yak
  2472 | D        | Reached skill level 1 in Transmutations
  2494 | D        | Received a gift from Sif Muna
  2495 | D        | Got Sif Muna's Writings on the Jinx {god gift}
  2758 | D        | Received a gift from Sif Muna
  2759 | D        | Got Sif Muna's Exposition on Lamentation and Modification
                  | {god gift}
  2895 | D        | Received a gift from Sif Muna
  2896 | D        | Reached XP level 12. HP: 60/67 MP: 22/27
  2901 | D        | Got Sif Muna's Papyrus of the Missiles and Imprecation {god
                  | gift}
  3091 | D        | Noticed Harold
  3091 | D        | Noticed Joseph
  3095 | D        | Killed Joseph
  3096 | D        | Reached skill level 15 in Hexes
  3096 | D        | Killed Harold
  3096 | D        | Received a gift from Sif Muna
  3101 | D        | Got Sif Muna's Papyrus of the Hyperbolic Welkin {god gift}
  3156 | D        | Reached skill level 5 in Transmutations
  3387 | D        | Learned a level 4 spell: Leda's Liquefaction
  3463 | D        | Lost mutation: You expend magic power (3 MP) to strengthen
                  | your wands. [potion of mutation]
  3463 | D        | Lost mutation: You are weak. (Str -2) [potion of mutation]
  3463 | D        | Gained mutation: You have sharp toenails. [potion of
                  | mutation]
  3551 | D        | Reached skill level 21 in Stealth
  3570 | D        | Received a gift from Sif Muna
  3573 | D        | Got Ighedycs's Excursus on Charms {god gift}
  3578 | D        | Noticed a deep elf death mage
  3580 | D        | Noticed a deep elf demonologist
  3768 | D        | Slain by a spriggan defender

Illustrated notes

Levels and vault maps discovered:
D:        dungeon_sprint_mu [sprint_mu_entry_cave, sprint_mu_temple_rooms,
          sprint_mu_d1_spiders, sprint_mu_d2_genie, sprint_mu_d3_branching,
          sprint_mu_orc_legion, sprint_mu_elf_gauntlet, sprint_mu_hive_nellie,
          sprint_mu_lair_fedhas, sprint_mu_vaults_butterflies,
          sprint_mu_slime_circle, sprint_mu_swamp_cave, sprint_mu_snake_twists,
          sprint_mu_blade_basic, sprint_mu_crypt_lich, sprint_mu_tomb_spiral,
          sprint_mu_vestibule_basic, sprint_mu_gehenna_hellfire,
          sprint_mu_dis_giant, sprint_mu_tartarus_statrot,
          sprint_mu_cocytus_islands, sprint_mu_zot1]

Skill      XL: |  1  2  3  4  5  6  7  8  9 10 11 12 |
---------------+-------------------------------------+-----
Dodging        | 5 7 8 12 15 16 18 19 | 19.3
Spellcasting   | 4 7 8 10 | 10.0
Stealth        | 6 9 14 15 17 20 21 | 21.7
Hexes          | 5 7 10 12 14 15 | 15.0
Short Blades   | 2 4 5 9 10 | 10.0
Fighting       | 4 6 8 10 11 | 11.1
Invocations    | 4 8 10 12 13 | 13.3
Conjurations   | 1 3 |  3.0
Transmutations | 2 5 |  5.0

Action                     |  1- 3 |  4- 6 |  7- 9 | 10-12 || total
---------------------------+-------+-------+-------+-------++-------
  Melee: Dagger            |    19 |     9 |    50 |   404 ||   482
         Punch             |       |       |     1 |     7 ||     8
         Kick              |       |       |       |    14 ||    14
   Cast: Ensorcelled Hiber |     4 |       |    21 |    16 ||    41
         Confusing Touch   |     1 |     1 |     6 |    13 ||    21
         Enfeeble          |       |       |       |     2 ||     2
         Chain Lightning   |       |       |       |     3 ||     3
         Freeze            |       |       |       |     1 ||     1
         Silence           |       |       |       |     1 ||     1
         Polar Vortex      |       |       |       |     1 ||     1
 Invoke: Divine Exegesis   |       |       |       |     7 ||     7
    Use: Potion            |     3 |       |     1 |    14 ||    18
         Scroll            |     2 |       |     1 |     1 ||     4
   Stab: Sleeping          |     5 |     2 |    15 |    24 ||    46
         Confused          |     2 |     2 |     3 |    11 ||    18
         Invisible         |       |       |       |     3 ||     3
         Distracted        |       |       |       |     1 ||     1
 Armour: Robe              |       |       |     1 |    13 ||    14
  Dodge: Dodged            |    13 |     3 |    28 |   269 ||   313
